 Dungeon Crawl Stone Soup version bcrawl-1.37.2 (webtiles) character file.

Game seed: 8948929361043961576

211962 Leeroy the Slasher (level 7, 0/49 HPs)
             Began as a Vampire Skald on Feb 11, 2023.
             Slain by an orc
             ... wielding a +0 hand axe
              (4 damage)
             ... on level 4 of the Dungeon.
             The game lasted 00:06:05 (3680 turns).

Leeroy the Slasher (Vampire Skald)                  Turns: 3680, Time: 00:06:05

Health: 0/49       AC:  3    Str: 14    XL:     7   Next: 20%
Magic:  8/10       EV: 15    Int: 13    God:
Gold:   199        SH:  2    Dex: 15    Spells: 6/10 levels left

rFire    . . .     GDR:     27% a - +0 long sword
rCold    . . .     SeeInvis +   (no shield)
rNeg     . . .     Gourm    .   b - +0 leather armour
rPois    .         Faith    .   (no helmet)
rElec    +         Spirit   .   (no cloak)
rCorr    .         Reflect  .   (no gloves)
MR       .....                  (no boots)
Stlth    +.........             d - amulet of magic regeneration
HPRegen  0.46/turn              z - ring of insulation
MPRegen  0.28/turn              u - +3 ring of evasion

@: regenerating quickly
A: claws 1, fangs 3, see invisible, unbreathing
a: Bat Form


You were on level 4 of the Dungeon.
You were full.

You visited 1 branch of the dungeon, and saw 4 of its levels.

You collected 199 gold pieces.

Inventory:

Hand Weapons
 a - a +0 long sword (weapon)
 t - a +0 dagger of holy wrath
 x - a +0 blowgun
 H - a +1 vampiric dagger
Missiles
 l - 98 exploding tomahawks (quivered)
 y - 14 poisoned needles
 A - 146 poisoned tomahawks
Armour
 b - a +0 leather armour (worn)
Jewellery
 d - an amulet of magic regeneration (around neck)
 k - an uncursed ring of protection from cold
 u - a +3 ring of evasion (right claw)
 v - the amulet of the Philosopher {Inacc +Fly}
   (You found it on level 2 of the Dungeon)

   [amulet of inaccuracy]

   It reduces the accuracy of all your attacks.
   It lets you fly.
 z - a ring of insulation (left claw)
 G - the ring of Zara {+Fly Slay+2, unknown}
   (You found it on level 4 of the Dungeon)

   [ring of flight]

   It affects your accuracy and damage with ranged weapons and melee attacks
   (+2).
   It lets you fly.
 J - an uncursed ring of positive energy {unknown}
Wands
 B - a wand of acid (11)
Scrolls
 c - 4 scrolls of teleportation {unknown}
 e - a scroll of fear
 g - 2 scrolls of fog {unknown}
 i - 4 scrolls of identify
 j - 4 scrolls of remove curse {unknown}
 n - a scroll of noise {unknown}
 o - 2 scrolls of blinking {unknown}
 s - 2 scrolls of enchant weapon {unknown}
 F - a scroll of immolation {unknown}
 I - a scroll of magic mapping {unknown}
Potions
 f - a potion of lignification {unknown}
 h - 4 potions of curing {unknown}
 m - 2 potions of heal wounds {unknown}
 p - 2 potions of might {unknown}
 q - 6 potions of blood
 r - a potion of mutation {unknown}
 w - 2 potions of resistance {unknown}
 C - 2 potions of flight {unknown}
 D - a potion of invisibility {unknown}
 E - a potion of agility {unknown}


   Skills:
 - Level 1.7 Fighting
 - Level 7.3 Long Blades
 - Level 0.8 Armour
 - Level 2.1 Dodging
 - Level 2.0 Spellcasting
 - Level 5.0 Hexes
 * Level 5.1 Charms


You had 6 spell levels left.
You knew the following spells:

 Your Spells              Type           Power        Failure   Level  Hunger
a - Infusion              Chrm           ##......     3%          1    None
b - Spectral Weapon       Hex/Chrm       ##......     12%         3    ####...

Your spell library contained the following spells:

 Spells                   Type           Power        Failure   Level  Hunger
 Song of Slaying          Chrm           ##......     5%          2    ##.....
 Swiftness                Chrm/Air       #.......     16%         2    ##.....
 Ozocubu's Armour         Chrm/Ice       #.......     32%         3    ####...
 Regeneration             Chrm/Necr      #.........   32%         3    ####...


Dungeon Overview and Level Annotations

Branches:
Dungeon (4/12)
 Temple: D:4-7

Altars:
Nemelex Xobeh


Innate Abilities, Weirdness & Mutations

Your natural rate of healing is unusually fast.
You have sharp fingernails.
You have razor-sharp teeth.
You have supernaturally acute eyesight. (SInv)
You can survive without breathing.


Message History

The orc wizard misses you. The orc barely misses you.
The orc closely misses you.
Your Charms skill increases to level 5!
You closely miss the orc wizard.
The orc wizard is lightly wounded.
Your spectral weapon closely misses the orc wizard.
The orc wizard casts a spell at you. The puff of frost hits you.
The orc barely misses you. The orc hits you with a +0 hand axe.
The orc wizard hits you with a +0 dagger.
You hit the orc wizard but do no damage.
The orc wizard is lightly wounded.
Your spectral weapon barely misses the orc wizard.
The orc wizard points at you and mumbles some strange words.
The magic dart hits you!
* * * LOW HITPOINT WARNING * * *
The orc hits you with a +0 whip.
* * * LOW HITPOINT WARNING * * *
The orc hits you with a +0 hand axe.
You die...

...........#
...........#
...........
>.........#
..........
...............
............oo#
............o@#
............(.#
..............##
...............##
............##..##
#.......####.##
##...###..###..#
#####....#
##..###.#
..#........##
##.....#


You could see an orc wizard (invisible), 2 orcs and a friendly spectral +0 long
sword.

Vanquished Creatures
  2 phantoms
  2 ogres
  A crimson imp (D:4)
  A bullfrog skeleton (D:3)
  A hound (D:3)
  An orc wizard (D:4)
  A worker ant (D:4)
  2 adders
  2 oozes
  A worm (D:2)
  A dart slug (D:2)
  3 leopard geckos
  20 orcs
  A ball python (D:4)
  4 giant cockroaches
  6 hobgoblins
  4 bats (D:1)
  4 goblins
  A jackal skeleton (D:4)
  18 kobolds
  5 rats
81 creatures vanquished.

Notes
Turn   | Place    | Note
-------+----------+-------------------------------------------
     0 | D:1      | Leeroy the Vampire Skald began the quest for the Orb.
     0 | D:1      | Reached XP level 1. HP: 16/16 MP: 3/3
   150 | D:1      | Reached skill level 3 in Long Blades
   317 | D:1      | Reached XP level 2. HP: 13/22 MP: 0/5
   849 | D:2      | Reached skill level 4 in Long Blades
   900 | D:2      | Reached XP level 3. HP: 17/27 MP: 6/6
   998 | D:2      | Noticed an ogre
  1019 | D:2      | Killed an ogre
  1020 | D:2      | Reached skill level 6 in Long Blades
  1020 | D:2      | Reached XP level 4. HP: 18/33 MP: 2/7
  1400 | D:2      | Noticed a phantom
  1407 | D:2      | Learned a level 3 spell: Spectral Weapon
  1440 | D:2      | Killed a phantom
  1441 | D:2      | Reached skill level 7 in Long Blades
  1441 | D:2      | Reached XP level 5. HP: 2/38 MP: 1/8
  1745 | D:2      | Found a sparkling altar of Nemelex Xobeh.
  1811 | D:2      | Got a heavily runed copper amulet
  1816 | D:2      | Identified the amulet of the Philosopher {Inacc +Fly} (You
                  | found it on level 2 of the Dungeon)
  2038 | D:3      | Reached skill level 1 in Hexes
  2333 | D:3      | Reached XP level 6. HP: 40/44 MP: 9/9
  3033 | D:4      | Reached skill level 5 in Hexes
  3151 | D:4      | Got an ancient pewter ring
  3550 | D:4      | Reached XP level 7. HP: 49/49 MP: 5/10
  3679 | D:4      | Reached skill level 5 in Charms
  3680 | D:4      | Slain by an orc

Skill      XL: |  1  2  3  4  5  6  7 |
---------------+----------------------+-----
Long Blades    | 3 4 6 7 |  7.3
Hexes          | 2 5 |  5.0
Charms         | 4 5 |  5.1
Fighting       | |  1.7
Armour         | |  0.8
Dodging        | |  2.1
Spellcasting   | |  2.0

Action                   |  1- 3 |  4- 6 |  7- 9 || total
-------------------------+-------+-------+-------++-------
Melee: Long sword        |    69 |   190 |    16 ||   275
       Bite              |     1 |    16 |     2 ||    19
 Cast: Infusion          |     2 |       |       ||     2
       Spectral Weapon   |       |     4 |     1 ||     5
  Use: Potion            |       |    10 |       ||    10
       Scroll            |       |     1 |       ||     1
 Stab: Sleeping          |     2 |     5 |       ||     7
       Distracted        |       |     1 |       ||     1
  Eat: Corpse            |       |     5 |     1 ||     6
Armor: Leather armour    |    26 |    24 |     3 ||    53
Dodge: Dodged            |    50 |   136 |    20 ||   206
Block: Other             |     1 |     8 |     1 ||    10
